 Dungeon Crawl Stone Soup version 0.31-a0-1127-ge7b2bbabab (webtiles) character file.

Game seed: 4146403321732127324

1 Amateur69 the Trooper (level 1, 20/20 HPs)
             Began as a Hill Orc Fighter on Dec 5, 2023.
             Got out of the dungeon alive.
             The game lasted 00:01:29 (113 turns).

Amateur69 the Trooper (Hill Orc Fighter)             Turns: 113, Time: 00:01:30

Health: 20/20      AC:  6    Str: 18    XL:     1   Next: 20%
Magic:  1/1        EV:  9    Int:  8    God:
Gold:   7          SH:  4    Dex: 10    Spells: 0/0 levels left

rFire   . . .        a - +0 war axe
rCold   . . .        c - +0 buckler
rNeg    . . .        b - +0 scale mail
rPois   .            (no helmet)
rElec   .            (no cloak)
rCorr   .            (no gloves)
SInv    .            (no boots)
Will    .....        (no amulet) Stlth
                     (no ring)
HPRegen 0.23/turn    (no ring)
MPRegen 0.07/turn

%: no passive effects
@: no status effects
A: no striking features
a: no special abilities


You escaped.
You visited 1 branch of the dungeon, and saw 1 of its levels.

You collected 7 gold pieces.

Inventory:

Hand Weapons
 a - a +0 war axe (weapon)
Armour
 b - a +0 scale mail (worn)
 c - a +0 buckler (worn)
Potions
 d - a potion of might


   Skills:
 + Level 3.6 Fighting
 + Level 2.7 Axes
 + Level 3.3 Armour
 + Level 3.3 Shields


You couldn't memorise any spells.
You didn't know any spells.
Your spell library was empty.

Dungeon Overview and Level Annotations

Branches:
Dungeon (1/15)

Altars:


Message History

Welcome, Amateur69 the Hill Orc Fighter.
A smirking vizier told you that the Orb of Zot is just within this dungeon.
Press ? for a list of commands and other information.
Found a staircase leading out of the dungeon.
Unknown command.
Welcome back, Amateur69 the Hill Orc Fighter.
Press ? for a list of commands and other information.
Unknown command.
Okay, then.
Unknown command.
Unknown command.
Welcome back, Amateur69 the Hill Orc Fighter.
Press ? for a list of commands and other information.
Unknown command.
Welcome back, Amateur69 the Hill Orc Fighter.
Press ? for a list of commands and other information.
You open the door.
Found 7 gold pieces.
There is an open door here.
A ball python comes into view.
The ball python moves out of view.
The ball python bites you but does no damage.
You block the ball python's attack.
You slash the ball python!
You kill the ball python!
You now have 7 gold pieces.
Found a stone staircase leading down.
Okay, then.
There's nothing to close nearby.
As you open the door, it creaks loudly!
There is an open door here.
Unknown command.
Unknown command.
There is an open door here.
There is an open door here.
There is a staircase leading out of the dungeon here.
Okay, then.
You can't go down here!
You have escaped!

....#.###.#... ♣♣♣♣♣♣♣♣♣
#...#.#.#.#
♣.......♣####.#.......##
♣.PPPPP.♣#..............
♣.P~~~P.♣#.#####...##.##
♣.P~8~P.♣#.# ##.##
♣.P~~~P....# #.#
♣.PPPPP.♣### #.#
♣......@♣ ##'##
#♣♣♣♣♣♣♣♣♣ ##...## #.#
#.##.# ##.....## #
#.###.##.## ##.......##.
#.........####...........
#####........'...........
#.#...####...........
#.#.#.## ##..........
#.###.## ##.........


There were no monsters in sight!

Vanquished Creatures
  A ball python (D:1)
1 creature vanquished.

Notes
Turn   | Place    | Note
-------+----------+-------------------------------------------
     0 | D:1      | Amateur69 the Hill Orc Fighter began the quest for the Orb.
     0 | D:1      | Reached XP level 1. HP: 19/19 MP: 1/1
   113 | D:$      | Got out of the dungeon alive.

Illustrated notes

Levels and vault maps discovered:
D:1:      tarquinn_simple_flora_water_a, layout_loops_corners, serial_shops,
          shop

Action                     || total
---------------------------++-------
  Melee: War axe           ||     1
 Armour: Scale mail        ||     1
  Block: Buckler           ||     1

Table legend: (Time is in decaauts)
 A = Elapsed time spent in this place.
 B = Non-inter-level travel time spent in this place.
 C = Inter-level travel time spent in this place.
 D = Time resting spent in this place.
 E = Time spent auto-exploring this place.
 F = Levels seen in this place.
 G = Mean time per level.
                   A        B        C        D        E       F      G
               +--------+--------+--------+--------+--------+-----+--------+
         Total |    113 |    113 |      0 |      0 |      0 |   1 |  113.0 |
       Dungeon |    113 |    113 |      0 |      0 |      0 |   1 |  113.0 |
               +--------+--------+--------+--------+--------+-----+--------+

Top non-repeatable levels by time:
     D:1: 113 daAuts
